 Dungeon Crawl Stone Soup version 0.28-a0-1555-g9ae15a6949 (webtiles) character file.

Game seed: 3178149519944656876

1983 HallandMoats the Skirmisher (level 9, -4/80 HPs)
             Began as a Ghoul Brigand on Jan 18, 2022.
             Was a Priest of Okawaru.
             Slain by a vampire mosquito (8 damage)
             ... on level 6 of the Dungeon.
             The game lasted 00:09:25 (8442 turns).

HallandMoats the Skirmisher (Ghoul Brigand)         Turns: 8442, Time: 00:09:26

Health: -4/80      AC:  9    Str: 19    XL:     9   Next: 20%
Magic:  0/11       EV: 13    Int:  6    God:    Okawaru [***...]
Gold:   158        SH:  0    Dex: 10    Spells: 8/8 levels left

rFire   . . .      SeeInvis .   y - +2 war axe (venom)
rCold   + . .      Faith    .   (no shield)
rNeg    + + +      Spirit   +   l - +0 ring mail
rPois   ∞          Reflect  .   (no helmet)
rElec   .          Harm     .   c - +0 cloak
rCorr   .          Rampage  .   (no gloves)
Will    .....                   o - +0 pair of boots
Stlth   ++++......              x - amulet of guardian spirit
HPRegen 0.00/turn               (no ring)
MPRegen 0.12/turn               (no ring)

@: mighty, heroic, inhibited regen
A: claws 1, cold resistance 1, negative energy resistance 3, inhibited
regeneration, torment resistance 2
a: Renounce Religion, Heroism


You were on level 6 of the Dungeon.
You worshipped Okawaru.
Okawaru was most pleased with you.
You visited 1 branch of the dungeon, and saw 6 of its levels.

You collected 288 gold pieces.
You spent 130 gold pieces at shops.

Inventory:

Hand Weapons
 a - a +3 dagger
 y - a +2 war axe of venom (weapon)
Missiles
 d - 11 poisoned darts
 e - 2 curare-tipped darts (quivered)
Armour
 c - a +0 cloak (worn)
 l - a +0 ring mail (worn)
 o - a +0 pair of boots (worn)
Jewellery
 s - an amulet of the acrobat
 u - an amulet of magic regeneration
 x - an amulet of guardian spirit (around neck)
Wands
 n - a wand of digging (6)
 p - a wand of flame (25)
Scrolls
 b - 3 scrolls of vulnerability {unknown}
 f - 2 scrolls of magic mapping {unknown}
 g - 6 scrolls of identify {unknown}
 k - 2 scrolls of noise {unknown}
 q - 3 scrolls of teleportation {unknown}
 v - a scroll of holy word {unknown}
Potions
 h - a potion of magic {unknown}
 j - a potion of invisibility {unknown}
 m - a potion of resistance {unknown}
 r - a potion of brilliance
 t - a potion of attraction {unknown}
 w - a potion of cancellation


   Skills:
 * Level 7.7(12.7) Fighting
 - Level 1.7(6.7) Short Blades
 * Level 3.6(8.6) Axes
 - Level 1.7(6.7) Throwing
 + Level 4.0(9.0) Armour
 + Level 4.1(9.1) Dodging
 - Level 5.8(10.8) Stealth
 + Level 4.7 Invocations


You had 8 spell levels left.
You didn't know any spells.
Your spell library contained the following spells:

 Spells                   Type           Power      Damage    Failure   Level
 Ensorcelled Hibernation  Hex/Ice        0%         N/A       75%         2
 Anguish                  Hex/Necr       0%         N/A       100%        4
 Spider Form              Tmut/Pois      Unusable   N/A       N/A         3

Dungeon Overview and Level Annotations

Branches:
Dungeon (6/15)             Temple (0/1) D:5

Altars:
Ashenzari
Okawaru

Shops:
D:1 (


Innate Abilities, Weirdness & Mutations

You thrive by killing the living.
You are immune to poison.
You have sharp fingernails.
Your flesh is cold resistant. (rC+)
You are immune to negative energy. (rN+++)
You do not regenerate when monsters are visible.
You are immune to unholy pain and torment.


Message History

You barely miss the vampire mosquito.
The vampire mosquito is moderately damaged.
The vampire mosquito barely misses you.
The vampire mosquito bites you but does no damage.
You miss the vampire mosquito. Your claw misses the vampire mosquito.
The vampire mosquito is moderately damaged.
The vampire mosquito barely misses you. The vampire mosquito misses you.
You miss the vampire mosquito.
The vampire mosquito is moderately damaged.
The vampire mosquito bites you. x2
You closely miss the vampire mosquito.
The vampire mosquito is moderately damaged.
The vampire mosquito bites you. x2
You hit the vampire mosquito.
The vampire mosquito is heavily damaged.
The vampire mosquito bites you!
* * * LOW HITPOINT WARNING * * *
The vampire mosquito bites you!
* * * LOW HITPOINT WARNING * * *
You hit the vampire mosquito but do no damage.
The vampire mosquito is heavily damaged.
The vampire mosquito bites you but does no damage.
The vampire mosquito barely misses you.
You barely miss the vampire mosquito.
The vampire mosquito is moderately damaged.
The vampire mosquito bites you!
* * * LOW HITPOINT WARNING * * *
The vampire mosquito barely misses you.
You feel better. The vampire mosquito bites you.
* * * LOW HITPOINT WARNING * * *
The vampire mosquito bites you!
* * * LOW HITPOINT WARNING * * *
You feel very mighty all of a sudden. The vampire mosquito bites you.
* * * LOW HITPOINT WARNING * * *
The vampire mosquito barely misses you.
You closely miss the vampire mosquito.
The vampire mosquito is moderately damaged.
The vampire mosquito bites you!
You die...

##..## #..## ##. .####..##
##..# #. #.....## ##.## ##.
###...######## ##.## ##..
##..........#####..######
##..#
#....###...........#...###..##
##..### #..#..#.....#..#..##
###..## #....##...##....##
.....# #..@y###.###.(..# #
.>).## #.###.##.##.###(# ##
###))# ##..## .#.#.###..###.
##..## #....####.####..###..
#....# ##........♣.......#..#
##....##
#.....####.####......#
#......# #....## #.#.###.....#
#..###..# #...###
#.##.###.#..# ##.#
#..##..#...( ##.###....##..


You could see a vampire mosquito.

Vanquished Creatures
  2 vampires (D:6)
  A yak (D:6)
  An orc warrior (D:6)
  2 ice beasts
  A sky beast (D:6)
  2 necrophages
  2 phantoms
  4 scorpions
  A water moccasin skeleton (D:6)
  A bullfrog zombie (D:6)
  A centaur zombie (D:6)
  A hound (D:3)
  An orc priest (D:6)
  A centaur skeleton (D:4)
  A bullfrog skeleton (D:5)
  5 orc wizards
  2 hound skeletons (D:5)
  4 gnolls
  10 adders
  A white imp (D:6)
  An adder skeleton (D:4)
  2 worms (D:2)
  3 dart slugs
  14 orcs
  3 bats
  10 endoplasms
  2 giant cockroaches (D:1)
  7 goblins
  11 hobgoblins
  5 jackals (D:1)
  6 kobolds
  3 quokkas
  6 ball pythons
  3 frilled lizards
  4 rats
  A spectral kobold (D:1)
125 creatures vanquished.

Notes
Turn   | Place    | Note
-------+----------+-------------------------------------------
     0 | D:1      | HallandMoats the Ghoul Brigand began the quest for the Orb.
     0 | D:1      | Reached XP level 1. HP: 17/17 MP: 0/0
    54 | D:1      | Reached skill level 1 in Dodging
   233 | D:1      | Reached XP level 2. HP: 25/25 MP: 1/1
   564 | D:1      | Found a faded altar of an unknown god.
   591 | D:1      | Prayed at the altar of an unknown god.
   591 | D:1      | Became a worshipper of Warmaster Okawaru
   591 | D:1      | Reached * piety under Okawaru
   656 | D:1      | Reached skill level 3 in Fighting
   770 | D:1      | Reached XP level 3. HP: 31/31 MP: 2/2
   925 | D:1      | Reached skill level 1 in Armour
  1171 | D:1      | Found Viazac's Antique Weapon Emporium.
  1690 | D:2      | Reached skill level 1 in Invocations
  1690 | D:2      | Reached XP level 4. HP: 38/38 MP: 3/3
  2264 | D:3      | Reached XP level 5. HP: 26/46 MP: 3/5
  2274 | D:3      | Reached skill level 4 in Fighting
  3289 | D:4      | Reached XP level 6. HP: 53/53 MP: 6/6
  3725 | D:4      | Reached skill level 5 in Stealth
  3725 | D:4      | Reached ** piety under Okawaru
  4045 | D:4      | Reached skill level 5 in Fighting
  4239 | D:4      | Noticed a necrophage
  4256 | D:4      | Killed a necrophage
  4257 | D:4      | Reached XP level 7. HP: 42/61 MP: 6/8
  4436 | D:4      | You fall into a shaft and drop 1 floor!
  4436 | D:5      | Entered Level 5 of the Dungeon
  4551 | D:4      | HP: 3/61 [gnoll (5)]
  4553 | D:4      | HP: 1/61 [gnoll (2)]
  4844 | D:5      | Found a staircase to the Ecumenical Temple.
  5279 | D:5      | Reached skill level 6 in Fighting
  5463 | D:5      | Found a broken altar of Ashenzari.
  5687 | D:5      | Reached XP level 8. HP: 32/70 MP: 9/9
  5969 | D:1      | Bought a glowing war axe for 130 gold pieces
  6073 | D:6      | Reached *** piety under Okawaru
  6074 | D:6      | Reached skill level 1 in Axes
  6349 | D:6      | HP: 2/71 [orc priest/divine providence (16)]
  7088 | D:6      | Reached skill level 7 in Fighting
  7303 | D:6      | Noticed a vampire
  7313 | D:6      | Killed a vampire
  7615 | D:6      | Noticed a yak
  7626 | D:6      | Killed a yak
  7627 | D:6      | Reached XP level 9. HP: 51/79 MP: 11/11
  8441 | D:6      | HP: 4/80 [vampire mosquito (3)]
  8442 | D:6      | Slain by a vampire mosquito

Illustrated notes

Levels and vault maps discovered:
D:1:      noname_arrival_rooms_in_the_neighbourhood, layout_basic,
          dreamdust_ecumenical_altar_drowned_temple, serial_shops, shop,
          kennysheep_nondescript, minmay_hexomino_u4
D:2:      layout_rooms, kennysheep_small_spiral, minmay_misc_feat_plants,
          interstate_on_off
D:3:      layout_loops_cross, chequers_serial_rivers_micro_b
D:4:      layout_basic
D:5:      layout_cave_pools, nicolae_ashenzari_panopticon,
          minmay_temple_entry_arrows
D:6:      layout_layer_cave, kb_rosetta

Skill      XL: |  1  2  3  4  5  6  7  8  9 |
---------------+----------------------------+-----
Dodging        | 1 2 3 4 |  4.1
Fighting       | 3 4 5 6 7 |  7.7
Armour         | 1 2 3 4 |  4.0
Invocations    | 1 2 3 4 |  4.7
Stealth        | 5 |  5.8
Axes           | 3 |  3.6
Short Blades   | |  1.7
Throwing       | |  1.7

Action                   |  1- 3 |  4- 6 |  7- 9 || total
-------------------------+-------+-------+-------++-------
Melee: Dagger            |   122 |   232 |    27 ||   381
       Punch             |       |     2 |     3 ||     5
       Hand axe          |       |    22 |    56 ||    78
       War axe           |       |       |   121 ||   121
Throw: Dart              |       |     1 |    23 ||    24
Invok: Heroism           |       |     1 |     4 ||     5
  Use: Potion            |       |       |     9 ||     9
 Stab: Sleeping          |     7 |     5 |     5 ||    17
       Distracted        |       |     1 |       ||     1
Armor: Robe              |    25 |       |       ||    25
       Ring mail         |     3 |   109 |   108 ||   220
Dodge: Dodged            |    67 |   118 |   151 ||   336

Table legend: (Time is in decaauts)
 A = Elapsed time spent in this place.
 B = Non-inter-level travel time spent in this place.
 C = Inter-level travel time spent in this place.
 D = Time resting spent in this place.
 E = Time spent auto-exploring this place.
 F = Levels seen in this place.
 G = Mean time per level.
                   A        B        C        D        E       F      G
               +--------+--------+--------+--------+--------+-----+--------+
         Total |   8481 |   8179 |    302 |    962 |   5878 |   6 | 1413.5 |
       Dungeon |   8481 |   8179 |    302 |    962 |   5878 |   6 | 1413.5 |
               +--------+--------+--------+--------+--------+-----+--------+

Top non-repeatable levels by time:
     D:6: 1804 daAuts
     D:5: 1759 daAuts
     D:4: 1618 daAuts
     D:1: 1449 daAuts
     D:3: 1004 daAuts
     D:2: 845 daAuts
